ORI
UNIVERSITY OF VIRGINIA CAVALIERS @ OREGON STATE UNIVERSITY BEAVERS
11/25/2048
 
TOP OF THE 1ST
University of Miami Hurricanes batting - Pitching for University of Nebraska Cornhuskers : RHP Santos Arevalo
Pitching: RHP Santos Arevalo
Batting: RHB Sam Costello 0-0: Swinging Strike
0-1: Foul Ball, location: 2F
0-2: Ball
1-2: Strikes out swinging
Batting: RHB C.J. Fleet 0-0: Called Strike
0-1: Ball
1-1: Ball
2-1: Foul Ball, location: 2F
2-2: Ball
3-2: Foul Ball, location: 2F
3-2: Strikes out swinging
Batting: RHB Luis Sanchez 0-0: Called Strike
0-1: Ball
1-1: Foul Ball, location: 2F
1-2: Strikes out swinging
Top of the 1st over - 0 runs, 0 hits, 0 errors, 0 left on base; University of Miami 0 - University of Nebraska 0
BOTTOM OF THE 1ST
University of Nebraska Cornhuskers batting - Pitching for University of Miami Hurricanes : RHP Kieran Jesso
Pitching: RHP Kieran Jesso
Batting: RHB Chris Anthony 0-0: Called Strike
0-1: Foul Ball, location: 2F
0-2: Ball
1-2: Ball
2-2: Ball
3-2: Foul Ball, location: 2F
3-2: Ground out U3 (Groundball, 34, EV 107.5 MPH)
Batting: RHB Danny Forbes 0-0: Ball
1-0: Ball
2-0: Foul Ball, location: 2F
2-1: Ball
3-1: Base on Balls
Batting: RHB Zion Jones 0-0: Ball
1-0: Ball
Wild Pitch!
Danny Forbes to second
2-0: Swinging Strike
2-1: Called Strike
2-2: Ball
3-2: SINGLE (Line Drive, 4MD, EV 98.8 MPH)
Danny Forbes to third
Batting: LHB Bob Appleby 0-0: Called Strike
0-1: Swinging Strike
0-2: Foul Ball, location: 2F
0-2: Ball
1-2: SINGLE (Groundball, 4M, EV 101.9 MPH) (infield hit)
Danny Forbes scores
Zion Jones to second
Batting: SHB Kent Worboys 0-0: Ball
1-0: Hit by Pitch
Zion Jones to third
Bob Appleby to second
Batting: SHB Gary Luckwell 0-0: Called Strike
0-1: Ball
1-1: Called Strike
1-2: Fielders Choice at 2nd, 3-6 (Groundball, 34S, EV 83.8 MPH)
Zion Jones scores
Bob Appleby to third
Batting: RHB Aidan Collet 0-0: Ball
1-0: Called Strike
1-1: Foul Ball, location: 2F
1-2: Ball
2-2: Ball
3-2: Ground out 6-3 (Groundball, 6, EV 103.1 MPH)
Bottom of the 1st over - 2 runs, 2 hits, 0 errors, 2 left on base; University of Miami 0 - University of Nebraska 2
TOP OF THE 2ND
University of Miami Hurricanes batting - Pitching for University of Nebraska Cornhuskers : RHP Santos Arevalo
Batting: LHB Juan Zuniga 0-0: Ball
1-0: Foul Ball, location: 2F
1-1: Swinging Strike
1-2: Foul Ball, location: 2F
1-2: Strikes out swinging
Batting: LHB Dennis Jones 0-0: Foul Ball, location: 2F
0-1: Called Strike
0-2: Ball
1-2: Ball
2-2: Fly out, F5 (Popup, 15, EV 81.2 MPH)
Batting: SHB Taylor Shelton 0-0: Ground out U3 (Groundball, 3, EV 108.8 MPH)
Top of the 2nd over - 0 runs, 0 hits, 0 errors, 0 left on base; University of Miami 0 - University of Nebraska 2
BOTTOM OF THE 2ND
University of Nebraska Cornhuskers batting - Pitching for University of Miami Hurricanes : RHP Kieran Jesso
Batting: RHB Tariq Garane 0-0: Ground out 5-3 (Groundball, 5, EV 105.6 MPH)
Batting: RHB Will England 0-0: Ball
1-0: Ball
2-0: Ground out U3 (Groundball, 34, EV 81.2 MPH)
Batting: RHB Chris Anthony 0-0: Ball
1-0: SINGLE (Groundball, 56S, EV 96.2 MPH)
Batting: RHB Danny Forbes 0-0: Called Strike
0-1: Called Strike
Chris Anthony is caught stealing 2nd base 2-4
Bottom of the 2nd over - 0 runs, 1 hit, 0 errors, 0 left on base; University of Miami 0 - University of Nebraska 2
TOP OF THE 3RD
University of Miami Hurricanes batting - Pitching for University of Nebraska Cornhuskers : RHP Santos Arevalo
Batting: LHB Addergoole Kartosuwiryo 0-0: Called Strike
0-1: Ball
1-1: Swinging Strike
1-2: Foul Ball, location: 2F
1-2: Ball
2-2: Ground out 5-3 (Groundball, 56, EV 86.9 MPH)
Batting: RHB Drew Morgenstern 0-0: Called Strike
0-1: Called Strike
0-2: Ball
1-2: Strikes out swinging
Batting: LHB Jose Lopez 0-0: Ball
1-0: Ball
2-0: Fly out, F7 (Flyball, 78D, EV 95.6 MPH)
Top of the 3rd over - 0 runs, 0 hits, 0 errors, 0 left on base; University of Miami 0 - University of Nebraska 2
BOTTOM OF THE 3RD
University of Nebraska Cornhuskers batting - Pitching for University of Miami Hurricanes : RHP Kieran Jesso
Batting: RHB Danny Forbes 0-0: Ball
1-0: Ground out 4-3 (Groundball, 34, EV 91.2 MPH)
Batting: RHB Zion Jones 0-0: Ball
1-0: Foul Ball, location: 2F
1-1: Foul Ball, location: 2F
1-2: Ball
2-2: Foul Ball, location: 2F
2-2: Ground out 1-3 (Groundball, 13, EV 68.1 MPH)
Batting: LHB Bob Appleby 0-0: Ball
1-0: Hit by Pitch
Batting: SHB Kent Worboys 0-0: Fielders Choice at 2nd, 5-4 (Groundball, 56, EV 85.6 MPH)
Bottom of the 3rd over - 0 runs, 0 hits, 0 errors, 1 left on base; University of Miami 0 - University of Nebraska 2
TOP OF THE 4TH
University of Miami Hurricanes batting - Pitching for University of Nebraska Cornhuskers : RHP Santos Arevalo
Batting: RHB Sam Costello 0-0: Called Strike
0-1: Fly out, F8 (Flyball, 8RD, EV 105.0 MPH)
Batting: RHB C.J. Fleet 0-0: Ball
1-0: Called Strike
1-1: Ground out 3-1 (Groundball, 34, EV 86.9 MPH)
Batting: RHB Luis Sanchez 0-0: Ball
1-0: Foul Ball, location: 2F
1-1: Fly out, F3 (Popup, 3, EV 73.1 MPH)
Top of the 4th over - 0 runs, 0 hits, 0 errors, 0 left on base; University of Miami 0 - University of Nebraska 2
BOTTOM OF THE 4TH
University of Nebraska Cornhuskers batting - Pitching for University of Miami Hurricanes : RHP Kieran Jesso
Batting: SHB Gary Luckwell 0-0: Foul Ball, location: 2F
0-1: Fly out, F8 (Flyball, 89XD, EV 85.6 MPH)
Batting: RHB Aidan Collet 0-0: Ball
1-0: Ball
2-0: Called Strike
2-1: Foul Ball, location: 2F
2-2: Foul Ball, location: 2F
2-2: Foul Ball, location: 2F
2-2: Strikes out looking
Batting: RHB Tariq Garane 0-0: Ball
1-0: Swinging Strike
1-1: Fly out, F9 (Flyball, 89M, EV 93.8 MPH)
Bottom of the 4th over - 0 runs, 0 hits, 0 errors, 0 left on base; University of Miami 0 - University of Nebraska 2
TOP OF THE 5TH
University of Miami Hurricanes batting - Pitching for University of Nebraska Cornhuskers : RHP Santos Arevalo
Batting: LHB Juan Zuniga 0-0: Ball
1-0: Called Strike
1-1: Ball
2-1: Ground out U3 (Groundball, 3L, EV 101.9 MPH)
Batting: LHB Dennis Jones 0-0: Called Strike
0-1: Ball
1-1: Ball
2-1: Foul Ball, location: 2F
2-2: Foul Ball, location: 2F
2-2: Ball
3-2: Ground out U3 (Groundball, 34S, EV 83.8 MPH)
Batting: SHB Taylor Shelton 0-0: TRIPLE (Flyball, 78XD, EV 107.5 MPH)
Batting: LHB Addergoole Kartosuwiryo 0-0: Ball
1-0: Ball
2-0: Foul Ball, location: 2F
2-1: Foul Ball, location: 2F
2-2: Foul Ball, location: 2F
2-2: Strikes out swinging
Top of the 5th over - 0 runs, 1 hit, 0 errors, 1 left on base; University of Miami 0 - University of Nebraska 2
BOTTOM OF THE 5TH
University of Nebraska Cornhuskers batting - Pitching for University of Miami Hurricanes : RHP Kieran Jesso
Batting: RHB Will England 0-0: Ball
1-0: Swinging Strike
1-1: Ball
2-1: Ball
3-1: Base on Balls
Batting: RHB Chris Anthony 0-0: Called Strike
0-1: Ball
1-1: Fly out, F8 (Flyball, 8RM, EV 77.5 MPH)
Batting: RHB Danny Forbes 0-0: Foul Ball, location: 2F
0-1: Swinging Strike
0-2: Foul Ball, location: 2F
0-2: Ball
1-2: Foul Ball, location: 2F
1-2: Ball
2-2: Foul Ball, location: 2F
2-2: Ball
3-2: Fly out, F7 (Flyball, 7, EV 77.5 MPH)
Pitching: RHP Josh Sundberg
Batting: RHB Zion Jones 0-0: Ball
1-0: SINGLE (Line Drive, 7S, EV 90.0 MPH)
Will England to second
Batting: LHB Bob Appleby 0-0: Ball
1-0: Called Strike
1-1: Swinging Strike
1-2: SINGLE (Groundball, 4M, EV 80.6 MPH) (infield hit)
Will England to third
Zion Jones to second
Batting: SHB Kent Worboys 0-0: Ball
1-0: Ball
2-0: Ball
3-0: Base on Balls
Will England scores
Zion Jones to third
Bob Appleby to second
Batting: SHB Gary Luckwell 0-0: Ball
1-0: Swinging Strike
1-1: DOUBLE (Line Drive, 9LM, EV 113.1 MPH)
Zion Jones scores
Bob Appleby scores
Kent Worboys to third
Runner from 3rd tries for Home, SAFE, no throw by RF
Pitching: RHP Kevin Marthaler
Batting: RHB Aidan Collet 0-0: Called Strike
0-1: Foul Ball, location: 2F
0-2: Ball
1-2: SINGLE (Flyball, 8RS, EV 90.0 MPH)
Gary Luckwell to third
Runner from 3rd tries for Home, SAFE, throw by CF to home
Aidan Collet to second
Batting: RHB Tariq Garane 0-0: Foul Ball, location: 2F
0-1: Ball
1-1: Ball
2-1: Swinging Strike
2-2: Strikes out swinging
Bottom of the 5th over - 5 runs, 4 hits, 0 errors, 1 left on base; University of Miami 0 - University of Nebraska 7
TOP OF THE 6TH
University of Miami Hurricanes batting - Pitching for University of Nebraska Cornhuskers : RHP Santos Arevalo
Batting: RHB Drew Morgenstern 0-0: Ball
1-0: Foul Ball, location: 2F
1-1: Fly out, F9 (Flyball, 9LSF, EV 88.1 MPH)
Batting: LHB Jose Lopez 0-0: Foul Ball, location: 2F
0-1: Ball
1-1: Foul Ball, location: 2F
1-2: Strikes out looking
Batting: RHB Sam Costello 0-0: Fly out, F7 (Flyball, 7D, EV 96.9 MPH)
Top of the 6th over - 0 runs, 0 hits, 0 errors, 0 left on base; University of Miami 0 - University of Nebraska 7
BOTTOM OF THE 6TH
University of Nebraska Cornhuskers batting - Pitching for University of Miami Hurricanes : RHP Kevin Marthaler
Batting: RHB Will England 0-0: Swinging Strike
0-1: Swinging Strike
0-2: Ball
1-2: Foul Ball, location: 2F
1-2: Foul Ball, location: 2F
1-2: Strikes out swinging
Batting: RHB Chris Anthony 0-0: Called Strike
0-1: Ball
1-1: Ball
2-1: Fly out, F8 (Flyball, 8LD, EV 106.9 MPH)
Batting: RHB Danny Forbes 0-0: Ball
1-0: Foul Ball, location: 2F
1-1: Ball
2-1: Ball
3-1: Base on Balls
Batting: RHB Zion Jones 0-0: Called Strike
0-1: Ball
1-1: Foul Ball, location: 2F
1-2: Ground out 5-3 (Groundball, 5S, EV 86.9 MPH)
Bottom of the 6th over - 0 runs, 0 hits, 0 errors, 1 left on base; University of Miami 0 - University of Nebraska 7
TOP OF THE 7TH
University of Miami Hurricanes batting - Pitching for University of Nebraska Cornhuskers : RHP Santos Arevalo
Batting: RHB C.J. Fleet 0-0: Ground out 5-3 (Groundball, 56, EV 93.1 MPH)
Batting: RHB Luis Sanchez 0-0: Called Strike
0-1: Ball
1-1: Ball
2-1: Foul Ball, location: 2F
2-2: Foul Ball, location: 2F
2-2: Ball
3-2: Fly out, F9 (Flyball, 89D, EV 89.4 MPH)
Batting: LHB Juan Zuniga 0-0: Ball
1-0: Foul Ball, location: 2F
1-1: Swinging Strike
1-2: Ground out 3-1 (Groundball, 34S, EV 72.5 MPH)
Top of the 7th over - 0 runs, 0 hits, 0 errors, 0 left on base; University of Miami 0 - University of Nebraska 7
BOTTOM OF THE 7TH
University of Nebraska Cornhuskers batting - Pitching for University of Miami Hurricanes : RHP Kevin Marthaler
Batting: LHB Bob Appleby 0-0: Ball
1-0: Foul Ball, location: 2F
1-1: Ball
2-1: Ball
3-1: Called Strike
3-2: TRIPLE (Line Drive, 8LXD, EV 110.0 MPH)
Batting: SHB Kent Worboys 0-0: Swinging Strike
0-1: Called Strike
0-2: Ball
1-2: Ball
Wild Pitch!
Bob Appleby scores
2-2: Foul Ball, location: 2F
2-2: Strikes out swinging
Batting: SHB Gary Luckwell 0-0: Called Strike
0-1: Swinging Strike
0-2: Foul Ball, location: 2F
0-2: Foul Ball, location: 2F
0-2: Ball
1-2: Ball
2-2: Ball
3-2: Reached on error, E8 (Flyball, 8RM, EV 83.1 MPH)
Pitching: RHP Bobby Edwards
Batting: RHB Aidan Collet 0-0: Ball
1-0: Called Strike
1-1: Ball
2-1: Foul Ball, location: 2F
2-2: Strikes out swinging
Batting: RHB Tariq Garane 0-0: Ball
1-0: Fielders Choice at 2nd, 6-4 (Groundball, 6, EV 91.9 MPH)
Bottom of the 7th over - 1 run, 1 hit, 1 error, 1 left on base; University of Miami 0 - University of Nebraska 8
TOP OF THE 8TH
University of Miami Hurricanes batting - Pitching for University of Nebraska Cornhuskers : RHP Santos Arevalo
Pitching: RHP Greg Huebner
Batting: LHB Dennis Jones 0-0: Ball
1-0: Ball
2-0: Foul Ball, location: 2F
2-1: Swinging Strike
2-2: Ball
3-2: Ground out U3 (Groundball, 3S, EV 86.2 MPH)
Batting: SHB Taylor Shelton 0-0: Ball
1-0: Ball
2-0: TRIPLE (Flyball, 89XD, EV 88.8 MPH)
Batting: LHB Addergoole Kartosuwiryo 0-0: Called Strike
0-1: Ball
1-1: Called Strike
1-2: Strikes out swinging
Batting: RHB Drew Morgenstern 0-0: Foul Ball, location: 2F
0-1: Ball
1-1: Called Strike
1-2: Strikes out swinging
Top of the 8th over - 0 runs, 1 hit, 0 errors, 1 left on base; University of Miami 0 - University of Nebraska 8
BOTTOM OF THE 8TH
University of Nebraska Cornhuskers batting - Pitching for University of Miami Hurricanes : RHP Bobby Edwards
Batting: RHB Will England 0-0: Ball
1-0: Foul Ball, location: 2F
1-1: Ball
2-1: Foul Ball, location: 2F
2-2: Strikes out swinging
Batting: RHB Chris Anthony 0-0: Ball
1-0: Foul Ball, location: 2F
1-1: Ball
2-1: Ball
3-1: Base on Balls
Batting: RHB Danny Forbes 0-0: Called Strike
0-1: Ball
1-1: DOUBLE (Flyball, 8LD, EV 91.9 MPH)
Chris Anthony to third
Runner from 3rd tries for Home, SAFE, no throw by CF
Batting: RHB Zion Jones 0-0: Ball
1-0: Called Strike
1-1: Ground out 6-3 (Groundball, 6, EV 80.6 MPH)
Batting: LHB Bob Appleby 0-0: Ball
1-0: Fly out, F8 (Flyball, 78D, EV 106.9 MPH)
Bottom of the 8th over - 1 run, 1 hit, 0 errors, 1 left on base; University of Miami 0 - University of Nebraska 9
TOP OF THE 9TH
University of Miami Hurricanes batting - Pitching for University of Nebraska Cornhuskers : RHP Greg Huebner
Batting: LHB Jose Lopez 0-0: Ball
1-0: Called Strike
1-1: Ball
2-1: Foul Ball, location: 2F
2-2: Foul Ball, location: 2F
2-2: Ball
3-2: Base on Balls
Batting: RHB Sam Costello 0-0: Ball
1-0: Swinging Strike
1-1: Ball
2-1: Ball
3-1: Reached on error, E5 (Groundball, 56, EV 91.2 MPH)
Jose Lopez to second
Pinch Hitting: RHB Leonardo Morales 0-0: Called Strike
0-1: Ball
1-1: Ball
2-1: Swinging Strike
2-2: Foul Ball, location: 2F
2-2: Foul Ball, location: 2F
2-2: Strikes out swinging
Pitching: RHP Doug Haas
Pinch Hitting: RHB Tu Vo 0-0: Foul Ball, location: 2F
0-1: Ball
1-1: Ball
2-1: Called Strike
2-2: Foul Ball, location: 2F
2-2: Strikes out swinging
Pinch Hitting: RHB Justin Jackson 0-0: Swinging Strike
0-1: Ball
1-1: Swinging Strike
1-2: Foul Ball, location: 2F
1-2: Ball
2-2: Strikes out swinging
Top of the 9th over - 0 runs, 0 hits, 1 error, 2 left on base; University of Miami 0 - University of Nebraska 9
Tuesday, March 28th , 2023 - OOTP Baseball 23.10 Build 110